 Dungeon Crawl Stone Soup version 0.24.1 (webtiles) character file.

Game seed: 596939310461970096, levelgen mode: deterministic

487 Destapler the Covert (level 6, 0/30 HPs)
             Began as a Spriggan Assassin on Mar 31, 2020.
             Slain by Pikel
             ... wielding a +1 whip of freezing
              (3 damage)
             ... while paralysed by Pikel
             ... on level 4 of the Dungeon.
             The game lasted 00:16:41 (4336 turns).

Destapler the Covert (Spriggan Assassin)            Turns: 4336, Time: 00:16:42

Health: 0/30       AC:  4    Str:  7    XL:     6   Next: 89%
Magic:  2/2        EV:  4    Int: 12    God:
Gold:   171        SH:  0    Dex: 20    Spells: 5/5 levels left

rFire    . . .     SeeInvis +   a - +3 dagger (antimagic)
rCold    . . .     Gourm    .   (shield restricted)
rNeg     . . .     Faith    .   b - +0 robe
rPois    +         Spirit   .   (helmet restricted)
rElec    .         Reflect  .   c - +1 cloak
rCorr    .         Harm     .   (gloves unavailable)
MR       +....                  (boots unavailable)
Stlth    ++++......             (no amulet)
HPRegen  0.10/turn              o - ring of poison resistance
MPRegen  0.08/turn              v - +2 ring of evasion

@: paralysed, very quick
A: very small, unfitting armour, see invisible, herbivore, speed 3, slow
metabolism 2
a: no special abilities


You were on level 4 of the Dungeon.
You were near starving.

You visited 1 branch of the dungeon, and saw 4 of its levels.

You collected 171 gold pieces.

Inventory:

Hand Weapons
 a - a +3 antimagic dagger (weapon)
Missiles
 d - 2 poisoned darts (quivered)
 e - 5 silver boomerangs
 t - 7 boomerangs
Armour
 b - a +0 robe (worn)
 c - a +1 cloak (worn)
Jewellery
 o - a ring of poison resistance (left hand)
 v - a +2 ring of evasion (right hand)
Scrolls
 l - 2 scrolls of identify
 n - 2 scrolls of remove curse
 q - a scroll of teleportation
 r - 2 scrolls of fear
Potions
 g - a potion of resistance {unknown}
 i - 2 potions of might {unknown}
 k - 2 potions of lignification {unknown}
 m - 2 potions of curing
 p - 2 potions of agility {unknown}
 s - a potion of degeneration {unknown}
 w - a potion of brilliance {unknown}
 x - a potion of heal wounds {unknown}
Comestibles
 f - 8 rations


   Skills:
 - Level 1.5 Fighting
 * Level 5.2 Short Blades
 - Level 2.0 Throwing
 + Level 5.9 Dodging
 + Level 8.6 Stealth


You had 5 spell levels left.
You didn't know any spells.
Your spell library contained the following spells:

 Spells                   Type           Power        Failure   Level  Hunger
 Beastly Appendage        Tmut           #.....       32%         1    ##.....
 Sticks to Snakes         Tmut           #.......     45%         2    ###....
 Spider Form              Tmut/Pois      #.........   69%         3    ####...
 Ice Form                 Ice/Tmut       #.......     97%         4    #####..
 Blade Hands              Tmut           #.........   100%        5    ######.


Dungeon Overview and Level Annotations

Branches:
Dungeon (4/15)
 Temple: D:4-7

Altars:
Xom

Annotations:
D:4 Pikel


Innate Abilities, Weirdness & Mutations

You are very small and have problems with some larger weapons.
You are too small for most types of armour.
You have supernaturally acute eyesight. (SInv)
You are a herbivore.
You cover ground extremely quickly.
You need to consume almost no food.


Message History

Pikel closely misses you. The slave completely misses you.
You hit Pikel but do no damage.
Pikel is heavily wounded.
The slave closely misses you.
You hit Pikel.
Pikel is heavily wounded.
Pikel closely misses you. The slave closely misses you. The slave misses you.
You hit Pikel.
Pikel is heavily wounded.
Pikel zaps a wand.
You suddenly lose the ability to move!
The slave hits you but does no damage.
Pikel zaps a wand.
You resist with almost no effort. The slave hits you. x2
Pikel zaps a wand.
You resist with almost no effort. The slave hits you.
The slave hits you but does no damage. The slave barely misses you.
The slave hits you.
* * * LOW HITPOINT WARNING * * *
Pikel hits you with a +1 whip of freezing!
* * * LOW HITPOINT WARNING * * *
Pikel freezes you.
You die...

,,,,,*,,,,,,,,,,,* *,*,
**,*,,*,*,,,,,,,,* *,,,
**,*,,,,,.##**#########
****
,,,*,,,,,,..#*#.......#
#******,*,,...#.....<.#
.,,*,,..*,#.#(#.......#
#*,*,*..,,....(.......#
#*,#.##.*,#.#.#Kpp....#
#*,..##.*,...,#p@p....#
###.###.###.#*#.......#
#...##...##.# ####)####
****
.......#....######.##
*,,,
#.####...##.........##
*,*> #.#
##.###.######...# *,,,
#.## #.#*#.### ##..#
**,* .#.####.#,....#
#..# *,*
###.....#.###.#####..#
******,*


You could see Pikel and 4 slaves.

Vanquished Creatures
  Sigmund (D:2)
  An orc priest (D:4)
  An orc wizard (D:3)
  Natasha (thrice) (D:2)
  5 adders
  4 worms
  5 dart slugs
  4 leopard geckos
  17 orcs
  A ball python (D:3)
  12 bats
  5 giant cockroaches
  10 goblins
  12 hobgoblins
  3 jackals (D:2)
  A quokka (D:3)
  13 frilled lizards (D:1)
  9 kobolds
  3 rats
110 creatures vanquished.

Notes
Turn   | Place    | Note
-------+----------+-------------------------------------------
     0 | D:1      | Destapler the Spriggan Assassin began the quest for the
                  | Orb.
     0 | D:1      | Reached XP level 1. HP: 10/10 MP: 2/2
    69 | D:1      | Reached skill level 6 in Stealth
   306 | D:1      | Reached XP level 2. HP: 12/14 MP: 3/3
   837 | D:1      | Reached XP level 3. HP: 18/18 MP: 4/4
  1177 | D:2      | Noticed Natasha
  1192 | D:2      | Killed Natasha
  1192 | D:2      | Reached XP level 4. HP: 20/22 MP: 5/5
  1224 | D:2      | Noticed Natasha
  1525 | D:2      | Killed Natasha
  1525 | D:2      | Reached skill level 7 in Stealth
  1594 | D:2      | Noticed Natasha
  1602 | D:2      | Killed Natasha
  1635 | D:2      | Reached XP level 5. HP: 16/25 MP: 6/6
  2392 | D:2      | Noticed Sigmund
  2413 | D:2      | Killed Sigmund
  2413 | D:2      | Reached skill level 5 in Dodging
  2413 | D:2      | Reached skill level 8 in Stealth
  2413 | D:2      | Reached XP level 6. HP: 20/30 MP: 2/7
  3147 | D:3      | You fall into a shaft and drop 1 floor!
  3295 | D:3      | Reached skill level 5 in Short Blades
  3296 | D:3      | Found a shimmering altar of Xom.
  4306 | D:4      | Noticed Pikel
  4306 | D:4      | Noticed a slave
  4318 | D:4      | Noticed a slave
  4326 | D:4      | Noticed a slave
  4328 | D:4      | Noticed a slave
  4333 | D:4      | Paralysed by Pikel for 6 turns
  4336 | D:4      | Slain by Pikel

Levels and vault maps discovered:
D:1:      lemuel_arrival_tunnels, layout_loops_ring, minmay_misc_feat_ornament,
          minmay_lizard_king
D:2:      layout_loops_ring, uniq_sigmund, uniq_natasha
D:3:      layout_rooms, lemuel_coloured_pillars_altar
D:4:      layout_loops_ring, first_ration, uniq_pikel

Skill      XL: |  1  2  3  4  5  6 |
---------------+-------------------+-----
Stealth        | 6 7 8 |  8.6
Dodging        | 2 3 4 5 |  5.9
Short Blades   | 3 4 5 |  5.2
Fighting       | |  1.5
Throwing       | |  2.0

Action                   |  1- 3 |  4- 6 || total
-------------------------+-------+-------++-------
Melee: Dagger            |   109 |   336 ||   445
Throw: Dart              |    13 |    38 ||    51
  Use: Scroll            |       |     8 ||     8
 Stab: Sleeping          |     7 |    18 ||    25
       Distracted        |       |     1 ||     1
Armor: Robe              |    14 |    35 ||    49
Dodge: Dodged            |    68 |   253 ||   321
